APP
BOSTON (APP) RED SOX @ BLUEFIELD BLUE JAYS
09/14/2044
 
TOP OF THE 1ST
Boston (APP) Red Sox batting - Pitching for Bluefield Blue Jays : RHP Scott Olson
Pitching: RHP Scott Olson
Batting: RHB Rogelio Cervantes 0-0: Ball
1-0: Called Strike
1-1: Called Strike
1-2: Ball
2-2: Strikes out swinging
Batting: RHB Matt Hinkle 0-0: Ball
1-0: Ball
2-0: Ball
3-0: Called Strike
3-1: Foul Ball, location: 2F
3-2: Strikes out looking
Batting: LHB Frank Olivo 0-0: Called Strike
0-1: Ground out U3 (Groundball, 34S, EV 88.1 MPH)
Top of the 1st over - 0 runs, 0 hits, 0 errors, 0 left on base; Boston (APP) 0 - Bluefield 0
BOTTOM OF THE 1ST
Bluefield Blue Jays batting - Pitching for Boston (APP) Red Sox : RHP Mike Tolley
Pitching: RHP Mike Tolley
Batting: RHB Tokuji Kawabata 0-0: Foul Ball, location: 2F
0-1: Ground out 6-3 (Groundball, 6D, EV 83.8 MPH)
Batting: RHB Wade Diamond 0-0: Foul Ball, location: 2F
0-1: Ball
1-1: Foul Ball, location: 2F
1-2: Foul Ball, location: 2F
1-2: Reached via error on a dropped throw from SS, E3 (Groundball, 56, EV 87.5 MPH)
Batting: LHB Cesar Arteaga 0-0: Ball
Wade Diamond is caught stealing 2nd base 2-6
1-0: Swinging Strike
1-1: Ball
2-1: Ball
3-1: Foul Ball, location: 2F
3-2: TRIPLE (Flyball, 89XD, EV 92.5 MPH)
Batting: SHB Jack Andrews 0-0: Foul Ball, location: 2F
Balk!
Cesar Arteaga scores
0-1: SINGLE (Groundball, 6D, EV 97.5 MPH)
Batting: RHB John Hering 0-0: Called Strike
Jack Andrews steals 2nd base
0-1: Swinging Strike
0-2: Ball
1-2: Strikes out swinging
Bottom of the 1st over - 1 run, 2 hits, 1 error, 1 left on base; Boston (APP) 0 - Bluefield 1
TOP OF THE 2ND
Boston (APP) Red Sox batting - Pitching for Bluefield Blue Jays : RHP Scott Olson
Batting: LHB Stanislav Parusov 0-0: Ball
1-0: Called Strike
1-1: Ball
2-1: Ball
3-1: Called Strike
3-2: Ground out U3 (Groundball, 3, EV 78.1 MPH)
Batting: RHB John Doucette 0-0: Foul Ball, location: 2F
0-1: Called Strike
0-2: Strikes out swinging
Batting: RHB Curt Stallings 0-0: Ball
1-0: Ball
2-0: Ball
3-0: Base on Balls
Batting: RHB Dominique Paolozzi 0-0: Ball
1-0: Ball
Curt Stallings steals 2nd base
2-0: Foul Ball, location: 2F
2-1: Foul Ball, location: 2F
2-2: Ball
3-2: Strikes out swinging
Top of the 2nd over - 0 runs, 0 hits, 0 errors, 1 left on base; Boston (APP) 0 - Bluefield 1
BOTTOM OF THE 2ND
Bluefield Blue Jays batting - Pitching for Boston (APP) Red Sox : RHP Mike Tolley
Batting: RHB Mike Johnson 0-0: Fly out, F7 (Flyball, 7LS, EV 86.9 MPH)
Batting: LHB Eddie Muniz 0-0: Foul Ball, location: 2F
0-1: Swinging Strike
0-2: Foul Ball, location: 2F
0-2: Ground out U3 (Groundball, 3L, EV 90.6 MPH)
Batting: RHB Chris Martin 0-0: Foul Ball, location: 2F
0-1: Ball
1-1: Foul Ball, location: 2F
1-2: Ball
2-2: Strikes out swinging
Bottom of the 2nd over - 0 runs, 0 hits, 0 errors, 0 left on base; Boston (APP) 0 - Bluefield 1
TOP OF THE 3RD
Boston (APP) Red Sox batting - Pitching for Bluefield Blue Jays : RHP Scott Olson
Batting: RHB Paul Bennett 0-0: Called Strike
0-1: Ball
1-1: Ball
2-1: Ball
3-1: SINGLE (Groundball, 6MD, EV 97.5 MPH)
Batting: RHB Joe Booth 0-0: Ball
1-0: Called Strike
1-1: Ball
2-1: Grounds into double play, 4-6-3 (Groundball, 4, EV 91.2 MPH)
Batting: RHB Rogelio Cervantes 0-0: Ball
1-0: Bunted foul
1-1: Ground out 5-3 (Groundball, 5, EV 95.0 MPH)
Top of the 3rd over - 0 runs, 1 hit, 0 errors, 0 left on base; Boston (APP) 0 - Bluefield 1
BOTTOM OF THE 3RD
Bluefield Blue Jays batting - Pitching for Boston (APP) Red Sox : RHP Mike Tolley
Batting: RHB Ed Swafford 0-0: Ball
1-0: Ball
2-0: Called Strike
2-1: Foul Ball, location: 2F
2-2: Foul Ball, location: 2F
2-2: Hit by Pitch
Batting: RHB Tokuji Kawabata 0-0: Ball
Ed Swafford steals 2nd base
1-0: Called Strike
1-1: Foul Ball, location: 2F
1-2: Ball
2-2: Foul Ball, location: 2F
2-2: Foul Ball, location: 2F
2-2: Foul Ball, location: 2F
2-2: Foul Ball, location: 2F
2-2: Ball
3-2: Base on Balls
Batting: RHB Wade Diamond 0-0: Called Strike
0-1: SINGLE (Flyball, 78S, EV 91.9 MPH)
Ed Swafford to third
Tokuji Kawabata to second
Batting: LHB Cesar Arteaga 0-0: Foul Ball, location: 2F
0-1: Ball
1-1: Foul Ball, location: 2F
1-2: Ball
2-2: SINGLE (Line Drive, 5D, EV 101.9 MPH)
Ed Swafford scores
Tokuji Kawabata to third
Wade Diamond to second
Batting: SHB Jack Andrews 0-0: Ball
1-0: Foul Ball, location: 2F
1-1: Fly out, F8 (Flyball, 8LD, EV 93.1 MPH)
Runner from 3rd tags up, SCORES, no throw by CF
Batting: RHB John Hering 0-0: Ball
1-0: Foul Ball, location: 2F
1-1: Ball
2-1: Grounds into double play, 4-6-3 (Groundball, 4M, EV 89.4 MPH)
Bottom of the 3rd over - 2 runs, 2 hits, 0 errors, 1 left on base; Boston (APP) 0 - Bluefield 3
TOP OF THE 4TH
Boston (APP) Red Sox batting - Pitching for Bluefield Blue Jays : RHP Scott Olson
Batting: RHB Matt Hinkle 0-0: Ground out 5-3 (Groundball, 5S, EV 68.8 MPH)
Batting: LHB Frank Olivo 0-0: Ground out 4-3 (Groundball, 4, EV 81.9 MPH)
Batting: LHB Stanislav Parusov 0-0: Ball
1-0: Ball
2-0: Called Strike
2-1: Ball
3-1: Base on Balls
Batting: RHB John Doucette 0-0: Swinging Strike
0-1: Swinging Strike
0-2: Strikes out swinging
Top of the 4th over - 0 runs, 0 hits, 0 errors, 1 left on base; Boston (APP) 0 - Bluefield 3
BOTTOM OF THE 4TH
Bluefield Blue Jays batting - Pitching for Boston (APP) Red Sox : RHP Mike Tolley
Batting: RHB Mike Johnson 0-0: Ground out 4-3 (Groundball, 6M, EV 86.9 MPH)
Batting: LHB Eddie Muniz 0-0: Ball
1-0: Called Strike
1-1: Ball
2-1: Foul Ball, location: 2F
2-2: Foul Ball, location: 2F
2-2: Ball
3-2: Foul Ball, location: 2F
3-2: Base on Balls
Batting: RHB Chris Martin 0-0: Ball
1-0: Ball
2-0: Ball
3-0: Base on Balls
Eddie Muniz to second
Batting: RHB Ed Swafford 0-0: Foul Ball, location: 2F
0-1: Ball
1-1: Swinging Strike
1-2: Ball
2-2: Strikes out swinging
Batting: RHB Tokuji Kawabata 0-0: Ground out 4-3 (Groundball, 4, EV 86.2 MPH)
Bottom of the 4th over - 0 runs, 0 hits, 0 errors, 2 left on base; Boston (APP) 0 - Bluefield 3
TOP OF THE 5TH
Boston (APP) Red Sox batting - Pitching for Bluefield Blue Jays : RHP Scott Olson
Batting: RHB Curt Stallings 0-0: Ball
1-0: Foul Ball, location: 2F
1-1: Swinging Strike
1-2: Foul Ball, location: 2F
1-2: Foul Ball, location: 2F
1-2: Ball
2-2: Foul Ball, location: 2F
2-2: SINGLE (Flyball, 3D, EV 89.4 MPH)
Batting: RHB Dominique Paolozzi 0-0: Called Strike
0-1: Ball
1-1: Foul Ball, location: 2F
1-2: Ground out 6-3 (Groundball, 6S, EV 67.5 MPH)
Curt Stallings to second
Batting: RHB Paul Bennett 0-0: Called Strike
0-1: Fly out, F8 (Flyball, 8LD, EV 98.8 MPH)
Batting: RHB Joe Booth 0-0: Ball
1-0: Foul Ball, location: 2F
1-1: Called Strike
1-2: Strikes out swinging
Top of the 5th over - 0 runs, 1 hit, 0 errors, 1 left on base; Boston (APP) 0 - Bluefield 3
BOTTOM OF THE 5TH
Bluefield Blue Jays batting - Pitching for Boston (APP) Red Sox : RHP Mike Tolley
Batting: RHB Wade Diamond 0-0: Called Strike
0-1: Swinging Strike
0-2: Ball
1-2: Ball
2-2: Strikes out swinging, 2-3 out at first.
Batting: LHB Cesar Arteaga 0-0: Ball
1-0: Ball
2-0: Called Strike
2-1: Ball
3-1: Base on Balls
Batting: SHB Jack Andrews 0-0: Ball
Cesar Arteaga steals 2nd base (no throw)
1-0: Foul Ball, location: 2F
1-1: Fly out, F8 (Line Drive, 8RD, EV 109.4 MPH)
Batting: RHB John Hering 0-0: Ball
Cesar Arteaga steals 3rd base
1-0: Foul Ball, location: 2F
1-1: Ball
2-1: Foul Ball, location: 2F
2-2: Ground out 5-3 (Groundball, 56, EV 77.5 MPH)
Bottom of the 5th over - 0 runs, 0 hits, 0 errors, 1 left on base; Boston (APP) 0 - Bluefield 3
TOP OF THE 6TH
Boston (APP) Red Sox batting - Pitching for Bluefield Blue Jays : RHP Scott Olson
Batting: RHB Rogelio Cervantes 0-0: Foul Ball, location: 2F
0-1: Foul Ball, location: 2F
0-2: Ball
1-2: Foul Ball, location: 2F
1-2: SINGLE (Groundball, 15S, EV 70.0 MPH) (infield hit)
Batting: RHB Matt Hinkle 0-0: Ball
Rogelio Cervantes steals 2nd base
1-0: Called Strike
1-1: Ball
2-1: SINGLE (Groundball, 6MD, EV 93.8 MPH)
Rogelio Cervantes to third
Runner from 3rd tries for Home, SAFE, throw by CF to home
Pitching: RHP Jose Ramos
Batting: LHB Frank Olivo 0-0: Ball
Matt Hinkle steals 2nd base
1-0: Swinging Strike
1-1: Ball
2-1: Ball
3-1: Foul Ball, location: 2F
3-2: Base on Balls
Batting: LHB Stanislav Parusov 0-0: Foul Ball, location: 2F
0-1: Ball
1-1: Ball
2-1: Foul Ball, location: 2F
2-2: Foul Ball, location: 2F
2-2: Strikes out swinging
Batting: RHB John Doucette 0-0: Ball
1-0: Grounds into double play, 4-6-3 (Groundball, 4, EV 81.2 MPH)
Top of the 6th over - 1 run, 2 hits, 0 errors, 1 left on base; Boston (APP) 1 - Bluefield 3
BOTTOM OF THE 6TH
Bluefield Blue Jays batting - Pitching for Boston (APP) Red Sox : RHP Mike Tolley
Batting: RHB Mike Johnson 0-0: SINGLE (Groundball, 5S, EV 71.9 MPH) (infield hit)
Batting: LHB Eddie Muniz 0-0: Called Strike
0-1: Grounds into double play, U6-3 (Groundball, 4M, EV 89.4 MPH)
Batting: RHB Chris Martin 0-0: Ball
1-0: Foul Ball, location: 2F
1-1: Ball
2-1: Foul Ball, location: 2F
2-2: Foul Ball, location: 2F
2-2: DOUBLE (Line Drive, 7LS, EV 101.9 MPH)
Batting: RHB Ed Swafford 0-0: Ball
1-0: Ball
2-0: Ball
3-0: Base on Balls
Pitching: RHP Victor Fuentes
Batting: RHB Tokuji Kawabata 0-0: Ball
1-0: Ball
2-0: Ball
3-0: Base on Balls
Chris Martin to third
Ed Swafford to second
Batting: RHB Wade Diamond 0-0: Fly out, F8 (Flyball, 78M, EV 91.9 MPH)
Bottom of the 6th over - 0 runs, 2 hits, 0 errors, 3 left on base; Boston (APP) 1 - Bluefield 3
TOP OF THE 7TH
Boston (APP) Red Sox batting - Pitching for Bluefield Blue Jays : RHP Jose Ramos
Pitching: LHP Dylan Batstone
Now in RF: Frank Nelson
Batting: RHB Curt Stallings 0-0: Fly out, F1 (Popup, 15, EV 75.0 MPH)
Batting: RHB Dominique Paolozzi 0-0: Ball
1-0: Foul Ball, location: 2F
1-1: Swinging Strike
1-2: Strikes out swinging
Batting: RHB Paul Bennett 0-0: Ground out 5-3 (Groundball, 56, EV 77.5 MPH)
Top of the 7th over - 0 runs, 0 hits, 0 errors, 0 left on base; Boston (APP) 1 - Bluefield 3
BOTTOM OF THE 7TH
Bluefield Blue Jays batting - Pitching for Boston (APP) Red Sox : RHP Victor Fuentes
Batting: LHB Cesar Arteaga 0-0: Ball
1-0: Called Strike
1-1: Ball
2-1: Ball
3-1: Base on Balls
Batting: SHB Jack Andrews 0-0: Ball
1-0: Ball
Cesar Arteaga steals 2nd base (no throw)
2-0: Ball
3-0: Swinging Strike
3-1: Called Strike
3-2: Strikes out swinging
Batting: RHB John Hering 0-0: Ball
1-0: Called Strike
1-1: Ball
2-1: Ball
3-1: Foul Ball, location: 2F
3-2: Fly out, F5 (Popup, 25, EV 89.4 MPH)
Batting: RHB Mike Johnson 0-0: Ground out 5-3 (Groundball, 5, EV 103.8 MPH)
Bottom of the 7th over - 0 runs, 0 hits, 0 errors, 1 left on base; Boston (APP) 1 - Bluefield 3
TOP OF THE 8TH
Boston (APP) Red Sox batting - Pitching for Bluefield Blue Jays : LHP Dylan Batstone
Batting: RHB Joe Booth 0-0: Ground out 5-3 (Groundball, 56S, EV 86.9 MPH)
Batting: RHB Rogelio Cervantes 0-0: Ball
1-0: Ball
2-0: Foul Ball, location: 2F
2-1: Foul Ball, location: 2F
2-2: Ground out 6-3 (Groundball, 6, EV 82.5 MPH)
Batting: RHB Matt Hinkle 0-0: Called Strike
0-1: Called Strike
0-2: Foul Ball, location: 2F
0-2: Strikes out swinging
Top of the 8th over - 0 runs, 0 hits, 0 errors, 0 left on base; Boston (APP) 1 - Bluefield 3
BOTTOM OF THE 8TH
Bluefield Blue Jays batting - Pitching for Boston (APP) Red Sox : RHP Victor Fuentes
Batting: LHB Frank Nelson 0-0: Called Strike
0-1: Ball
1-1: Foul Ball, location: 2F
1-2: Foul Ball, location: 2F
1-2: Foul Ball, location: 2F
1-2: Ball
2-2: Ball
3-2: Ground out 2-3 (Groundball, 2L, EV 70.0 MPH)
Batting: RHB Chris Martin 0-0: Swinging Strike
0-1: Ball
1-1: Ground out 5-3 (Groundball, 5, EV 80.6 MPH)
Batting: RHB Ed Swafford 0-0: Called Strike
0-1: Ball
1-1: Ball
2-1: Foul Ball, location: 2F
2-2: Ball
3-2: Foul Ball, location: 2F
3-2: Foul Ball, location: 2F
3-2: DOUBLE (Line Drive, 7LS, EV 106.2 MPH)
Batting: RHB Tokuji Kawabata 0-0: Ball
1-0: Ball
2-0: Foul Ball, location: 2F
2-1: Ball
3-1: Base on Balls
Batting: RHB Wade Diamond 0-0: Ball
1-0: Ball
2-0: Called Strike
2-1: Fly out, F5 (Popup, 5, EV 76.9 MPH)
Bottom of the 8th over - 0 runs, 1 hit, 0 errors, 2 left on base; Boston (APP) 1 - Bluefield 3
TOP OF THE 9TH
Boston (APP) Red Sox batting - Pitching for Bluefield Blue Jays : LHP Dylan Batstone
Pitching: RHP Dave Kurtz
Batting: LHB Frank Olivo 0-0: Ball
1-0: Ball
2-0: Swinging Strike
2-1: Foul Ball, location: 2F
2-2: DOUBLE (Line Drive, 78XD, EV 99.4 MPH)
Batting: LHB Stanislav Parusov 0-0: Called Strike
0-1: Called Strike
0-2: Foul Ball, location: 2F
0-2: Strikes out swinging
Pinch Hitting: SHB Eric Evans 0-0: Foul Ball, location: 2F
0-1: Ball
1-1: Ground out 4-3 (Groundball, 4, EV 90.6 MPH)
Frank Olivo to third
Pinch Hitting: LHB Eddie Contreras 0-0: Ball
1-0: Fly out, F7 (Flyball, 7, EV 89.4 MPH)
Top of the 9th over - 0 runs, 1 hit, 0 errors, 1 left on base; Boston (APP) 1 - Bluefield 3
Thursday, March 31st , 2022 - OOTP Baseball 22.12 Build 89